 Dungeon Crawl Stone Soup version 0.21-a0-516-gaaff437 (webtiles) character file.

238 KristoblXynda the Chopper (level 5, -2/41 HPs)
             Began as a Draconian Gladiator on Dec 3, 2017.
             Was a Follower of Cheibriados.
             Slain by a worker ant (5 damage)
             ... on level 4 of the Dungeon.
             The game lasted 00:03:54 (2038 turns).

KristoblXynda the Chopper (Draconian Gladiator)     Turns: 2038, Time: 00:03:55

Health: -2/41      AC:  5    Str: 20    XL:     5   Next: 78%
Magic:  5/5        EV: 14    Int: 14    God:    Cheibriados [*.....]
Gold:   171        SH:  0    Dex: 15    Spells: 4/4 levels left

rFire    . . .     SeeInvis .   a - +0 war axe
rCold    . . .     Gourm    .   (no shield)
rNeg     . . .     Faith    .   (armour unavailable)
rPois    .         Spirit   .   b - +0 hat
rElec    .         Reflect  .   (no cloak)
rCorr    .         Harm     .   (no gloves)
MR       .....                  (no boots)
Stlth    +.........             (no amulet)
HPRegen  0.13/turn              (no ring)
MPRegen  0.09/turn              (no ring)

@: lethally poisoned (-2 -> -3), very slow
A: unfitting armour, clever 1, evolution 1, cold-blooded, MP-powered wands, AC
+5
a: Bend Time, Renounce Religion


You were on level 4 of the Dungeon.
You worshipped Cheibriados.
Cheibriados was aware of your devotion.
You were not hungry.

You visited 1 branch of the dungeon, and saw 4 of its levels.

You collected 171 gold pieces.

Inventory:

Hand Weapons
 a - a +0 war axe (weapon)
Missiles
 c - 3 throwing nets (quivered)
Armour
 b - a +0 hat (worn)
Jewellery
 g - an uncursed amulet of harm {unknown}
Scrolls
 e - a scroll of fear {unknown}
 f - 7 scrolls of identify {unknown}
 h - 3 scrolls of teleportation {unknown}
 l - 2 scrolls of remove curse {unknown}
 r - a scroll of amnesia {unknown}
 s - a scroll of magic mapping {unknown}
 t - 3 scrolls of enchant armour {unknown}
Potions
 i - a potion of magic {unknown}
 k - a potion of lignification
 m - a potion of brilliance {unknown}
 n - a potion of flight {unknown}
 o - a potion of mutation
 p - a potion of might {unknown}
 q - a potion of heal wounds {unknown}
 u - a potion of berserk rage {unknown}
Comestibles
 d - 3 bread rations
 j - a meat ration


   Skills:
 - Level 2.1 Fighting
 + Level 4.4 Axes
 - Level 3.3 Throwing
 + Level 4.0 Dodging
 + Level 0.7 Invocations


You had 4 spell levels left.
You didn't know any spells.

Dungeon Overview and Level Annotations

Branches:
Dungeon (4/15)
 Temple: D:4-7

Altars:
Cheibriados
Okawaru

Annotations:
D:3 Oozefury's ghost, amateur BaMo


Innate Abilities, Weirdness & Mutations

Your plain brown scales are hard. (AC +5)
You cannot fit into any form of body armour.
You are cold-blooded and may be slowed by cold attacks.
Your mind is acute. (Int +2)
You evolve.
You expend magic power (3 MP) to strengthen your wands.


Message History

You kill the orc wizard!
Cheibriados appreciates the change of pace.
You barely miss the orc wizard. You hit the orc.
You barely miss the worker ant. The orc closely misses you.
The worker ant bites you but does no damage.
The orc wizard hits you with a dagger.
* * * LOW HITPOINT WARNING * * *
The worker ant bites you but does no damage.
The orc hits you with a flail.
* * * LOW HITPOINT WARNING * * *
It was a potion of mutation.
You feel extremely strange.
You feel your magical essence link to your wands.
You feel clever.
You feel nature experimenting on you.
Don't worry, failures die fast.
You feel sick. The orc wizard casts a spell at you. The magic dart hits you!
* * * LOW HITPOINT WARNING * * *
The worker ant bites you.
You die...

##...### #.## ##...##
#.....##
#..##..###..###.....#
#.###...
#...#..............##
##.# ##.#
#.....###...###...##
#..# #.# #....##
###.# ##...# #..# #.#
##..## ##.###....#
##.## #.# ##.#
##.......### #..###.#
..# #......(##
#...##.. ..##
#..#o@..# #....#..
### #....o)a##
##...... ........##
##...## ##........
##.## #.#####... ###
# .. .... # .... #
..... #


You could see a worker ant, an orc wizard and an orc.

Vanquished Creatures
  2 orc wizards (D:4)
  A centaur skeleton (D:4)
  An orc priest (D:4)
  4 adders
  An ooze (D:4)
  2 worms
  3 dart slugs
  2 leopard geckos (D:2)
  4 orcs (D:4)
  8 bats
  2 giant cockroaches (D:1)
  11 goblins
  7 hobgoblins
  4 jackals
  2 quokkas
  A ball python (D:4)
  5 frilled lizards
  4 kobolds (D:2)
  7 rats
71 creatures vanquished.

Notes
Turn   | Place    | Note
-------+----------+-------------------------------------------
     0 | D:1      | KristoblXynda the Draconian Gladiator began the quest for the Orb.
     0 | D:1      | Reached XP level 1. HP: 17/17 MP: 1/1
    35 | D:1      | Reached XP level 2. HP: 15/24 MP: 2/2
   380 | D:1      | Reached XP level 3. HP: 29/29 MP: 3/3
   858 | D:2      | Found an iron altar of Okawaru.
   863 | D:2      | Found a snail-covered altar of Cheibriados.
   904 | D:2      | Became a worshipper of Cheibriados the Contemplative
  1235 | D:2      | Reached XP level 4. HP: 30/36 MP: 4/4
  1370 | D:3      | Reached * piety under Cheibriados
  1639 | D:3      | Noticed Oozefury's ghost (amateur BaMo)
  1814 | D:4      | Reached XP level 5. HP: 37/41 MP: 5/5
  2038 | D:4      | Gained mutation: You expend magic power (3 MP) to strengthen your wands. [potion of mutation]
  2038 | D:4      | Gained mutation: Your mind is acute. (Int +2) [potion of mutation]
  2038 | D:4      | Gained mutation: You evolve. [potion of mutation]
  2038 | D:4      | Slain by a worker ant

Vault maps used:
D:1:      saegor_arrival_simple_f, minmay_split_cup_large
D:2:      kennysheep_slug_shrine, okawaru_gym_becter, first_bread,
          minmay_misc_feat_chi, kennysheep_generic_room_11
D:3:      nicolae_overflow_crystal_walls, chequers_ecumenical_altar_grove
D:4:      minmay_temple_entry_glassed_door

Skill      XL: |  1  2  3  4  5 |
---------------+----------------+-----
Throwing       | 2 3 |  3.3
Dodging        | 3 4 |  4.0
Axes           | 4 |  4.4
Fighting       | |  2.1
Invocations    | |  0.7

Action                   |  1- 3 |  4- 6 || total
-------------------------+-------+-------++-------
Melee: War axe           |   115 |    79 ||   194
       Tailslap          |    13 |    11 ||    24
  Use: Potion            |       |     2 ||     2
 Stab: Sleeping          |     1 |     2 ||     3
  Eat: Chunk             |     1 |     2 ||     3
Armor: Skin              |    45 |    50 ||    95
Dodge: Dodged            |   104 |    66 ||   170

Table legend:
 A = Spawn XP
 B = Non-spawn XP
 C = Spawn XP percentage of total XP
 D = Spawn monster count
 E = Non-spawn monster count
 F = Spawn count percentage of total count
 G = Total turns spent on level
                    A         B        C        D         E        F      G
               +---------+---------+-------+---------+---------+-------+---------
         Total |       0 |     340 |   0.0 |       0 |      71 |   0.0 |  2038
               +---------+---------+-------+---------+---------+-------+---------
           D:1 |       0 |      54 |   0.0 |       0 |      32 |   0.0 |   837
           D:2 |       0 |      47 |   0.0 |       0 |      17 |   0.0 |   512
           D:3 |       0 |      50 |   0.0 |       0 |       9 |   0.0 |   388
           D:4 |       0 |     189 |   0.0 |       0 |      13 |   0.0 |   301
               +---------+---------+-------+---------+---------+-------+---------
